 Dungeon Crawl Stone Soup version 0.23.2-33-g5129a83184 (webtiles) character file.

Game seed: 7451713965103279786

128 Atelerd the Magician (level 5, -1/31 HPs)
             Began as an Octopode Wizard on July 10, 2019.
             Slain by an iguana (14 damage)
             ... on level 4 of the Dungeon.
             The game lasted 00:04:03 (3165 turns).

Atelerd the Magician (Octopode Wizard)              Turns: 3165, Time: 00:04:03

Health: -1/31      AC:  1    Str:  7    XL:     5   Next: 12%
Magic:  2/11       EV: 13    Int: 21    God:
Gold:   126        SH:  0    Dex: 10    Spells: 3/12 levels left

rFire    . . .     SeeInvis .   d - +0 short sword
rCold    . . .     Gourm    .   (no shield)
rNeg     . . .     Faith    +   a - +0 hat
rPois    .         Spirit   .   k - amulet of faith
rElec    .         Reflect  .   (no ring)
rCorr    .         Harm     .   (no ring)
MR       .....                  (no ring)
Stlth    +++.......             (no ring)
HPRegen  0.10/turn              (no ring)
MPRegen  0.12/turn              (no ring)
                                (no ring)
                                (no ring)

@: very slightly contaminated
A: almost no armour, stealthy swim, amphibious, 8 rings, constrict 8, camouflage
1, gelatinous body 1
a: no special abilities


You were on level 4 of the Dungeon.
You were very hungry.

You visited 1 branch of the dungeon, and saw 4 of its levels.

You collected 126 gold pieces.

Inventory:

Hand Weapons
 d - a +0 short sword (weapon)
Missiles
 j - 16 poisoned needles
Armour
 a - a +0 hat (worn)
Jewellery
 k - an amulet of faith (around mantle)
Scrolls
 g - 5 scrolls of remove curse
 i - 2 scrolls of identify
 n - a scroll of blinking {unknown}
Potions
 b - a potion of brilliance {unknown}
 f - a potion of haste {unknown}
 h - a potion of might {unknown}
 l - a potion of agility {unknown}
 m - 2 potions of resistance {unknown}
Comestibles
 c - 5 rations


   Skills:
 - Level 2.0 Dodging
 - Level 2.6 Stealth
 + Level 4.3 Spellcasting
 + Level 3.3 Conjurations
   Level 1.0 Summonings
 - Level 1.0 Translocations


You had 3 spell levels left.
You knew the following spells:

 Your Spells              Type           Power        Failure   Level  Hunger
a - Magic Dart            Conj           ###.         3%          1    None
b - Mephitic Cloud        Conj/Pois/Air  #.......     22%         3    ##.....
c - Blink                 Tloc           N/A          12%         2    #......
d - Conjure Flame         Conj/Fire      ##......     17%         3    ##.....

Your spell library contained the following spells:

 Spells                   Type           Power        Failure   Level  Hunger
 Apportation              Tloc           #.....       8%          1    None
 Summon Small Mammal      Summ           #...         8%          1    None
 Animate Skeleton         Necr           N/A          12%         1    None
 Confusing Touch          Hex            #.....       12%         1    None
 Call Imp                 Summ           #.......     12%         2    #......
 Slow                     Hex            #.......     19%         2    #......


Dungeon Overview and Level Annotations

Branches:
Dungeon (4/15)
 Temple: D:4-7

Altars:

Annotations:
D:3 1 runed translucent door, Richard19's ghost, amateur NaSk


Innate Abilities, Weirdness & Mutations

You cannot wear most types of armour.
You are very stealthy in the water. (Stealth+)
You are amphibious.
You can wear up to eight rings at the same time.
You can use your tentacles to constrict eight enemies at once.
Your skin changes colour to match your surroundings (Stealth+).
Your rubbery body absorbs attacks. (AC +1, EV +1)


Message History

The iguana is moderately wounded.
You constrict the iguana. The iguana completely misses you.
You barely miss the iguana.
The iguana is moderately wounded.
You constrict the iguana, but do no damage.
The iguana closely misses you.
You hit the iguana but do no damage.
The iguana is moderately wounded.
You constrict the iguana. The iguana closely misses you.
You hit the iguana but do no damage.
The iguana is moderately wounded.
You constrict the iguana, but do no damage.
The iguana barely misses you.
You barely miss the iguana.
The iguana is moderately wounded.
You constrict the iguana. The iguana barely misses you.
You hit the iguana but do no damage.
The iguana is heavily wounded.
You constrict the iguana. The iguana bites you!
You die...

# #.. ..# #.
#.# #.# #.#
#.# #.##
#.######## #..
#.##..(... #.#
# #.##.#####
#@# #.##.##.#
#l# #.......#
#.#######.####
#.........#
###########


You could see an iguana.

Vanquished Creatures
  Terence (D:2)
  3 adders
  4 worms
  A dart slug (D:1)
  A leopard gecko (D:3)
  3 orcs (D:3)
  6 bats
  4 giant cockroaches
  5 goblins
  10 hobgoblins
  4 jackals (D:3)
  2 quokkas
  A ball python (D:1)
  3 frilled lizards
  2 kobolds (D:3)
  7 rats
57 creatures vanquished.

Notes
Turn   | Place    | Note
-------+----------+-------------------------------------------
     0 | D:1      | Atelerd the Octopode Wizard began the quest for the Orb.
     0 | D:1      | Reached XP level 1. HP: 11/11 MP: 4/4
   332 | D:1      | Reached XP level 2. HP: 15/17 MP: 6/6
  1063 | D:2      | Reached XP level 3. HP: 16/21 MP: 8/8
  1068 | D:2      | Learned a level 3 spell: Mephitic Cloud
  1105 | D:2      | Noticed Terence
  1241 | D:2      | Learned a level 2 spell: Blink
  1512 | D:2      | Killed Terence
  1512 | D:2      | Reached XP level 4. HP: 22/27 MP: 1/9
  1635 | D:2      | Reached skill level 4 in Spellcasting
  2483 | D:3      | Learned a level 3 spell: Conjure Flame
  2599 | D:3      | Reached XP level 5. HP: 23/31 MP: 11/11
  2985 | D:3      | Found a runed translucent door.
  3037 | D:3      | Noticed Richard19's ghost (amateur NaSk)
  3165 | D:4      | Slain by an iguana

Skill      XL: |  1  2  3  4 |
---------------+-------------+-----
Conjurations   | 2 3 |  3.3
Spellcasting   | 4 |  4.3
Dodging        | |  2.0
Stealth        | |  2.6
Summonings     | |  1.0
Translocations | |  1.0

Action                   |  1- 3 |  4- 6 || total
-------------------------+-------+-------++-------
Melee: Short sword       |    79 |    77 ||   156
       Constrict         |    22 |    24 ||    46
       Tentacles         |     8 |    10 ||    18
 Cast: Magic Dart        |     1 |    17 ||    18
       Mephitic Cloud    |     3 |     5 ||     8
       Blink             |       |     3 ||     3
  Use: Scroll            |       |     2 ||     2
 Stab: Sleeping          |    10 |     4 ||    14
       Confused          |     1 |     1 ||     2
  Eat: Chunk             |     1 |     2 ||     3
       Ration            |       |     1 ||     1
Armor: Skin              |       |     7 ||     7
Dodge: Dodged            |    45 |    48 ||    93
